 Dungeon Crawl Stone Soup version 0.31-a0-1338-gb567cfdca4 (webtiles) character file.

Game seed: 7982756816620432940

209293 Moreman the Hoplite (level 18, -10/182 HPs)
             Began as a Hill Orc Fighter on Dec 21, 2023.
             Was a High Priest of Ashenzari.
             Killed from afar by an acid blob (22 damage)
             ... with a splash of acid
             ... on level 2 of the Pits of Slime.
             The game lasted 02:23:12 (23214 turns).

Moreman the Hoplite (Hill Orc Fighter)             Turns: 23214, Time: 02:23:12

Health: -10/182    AC: 12    Str: 33    XL:     18   Next: 47%
Magic:  17/18      EV: 21    Int: 12    God:    Ashenzari [*****.]
Gold:   1967       SH: 19    Dex: 18    Spells: 17/17 levels left

rFire   . . .        a - +7 consecrated labrys {holy, Valiant ^Fragile Fly SInv, Cun, Self} (curse)
rCold   . . .        U - +3 warlock's mirror {omnireflect, Fort, Sorc} (curse)
rNeg    + . .        O - +10 plate armour "Profound Omen" {ponderous, Dev, Fort} (curse)
rPois   .            f - +2 hood of the Assassin {Detect Stab+ Stlth++, Comp, Fort} (curse)
rElec   .            H - +2 cloak of Ashenzari's Mistrust {Fort, Range} (curse)
rCorr   .            p - +2 pair of gloves "Astral Pragmatism" {Melee, Comp} (curse)
SInv    +            i - +1 pair of boots "Enlightened Fetters" {-Tele Regen+ Dex+4, Melee, Dev} (curse)
Will    +++..        Z - amulet "Judiug" {Reflect Rampage rN+ SH+5} Stlth
                     R - ring "Clairvoyant Trepidation" {Will+ Str+6 Int+4 Dex+4, Cun, Fort} (curse)
HPRegen 1.30/turn    L - ring of the Pangnostic Ennui {EV+5, Fort, Self} (curse)
MPRegen 0.16/turn

%: no teleportation, reflection, clarity, rampage
@: corroded, flying, slow
A: beak, iridescent scales 1, strong-willed 1
}: 1/15 runes: gossamer
a: Renounce Religion, Shatter the Chains


You were on level 2 of the Pits of Slime.
You worshipped Ashenzari.
Ashenzari was extremely pleased with you.
You visited 6 branches of the dungeon, and saw 27 of its levels.
You also visited: Gauntlet and Ice Cave.

You collected 4134 gold pieces.
You spent 2167 gold pieces at shops.

Inventory:

Hand Weapons
 a - the cursed +7 consecrated labrys (weapon) {holy, Valiant ^Fragile Fly SInv, Cun, Self}
   (You bought it in a shop on level 2 of the Orcish Mines)

   Valiant:   It becomes more powerful as more dangerous foes come into view.
   SInv:      It lets you see invisible.
   Fly:       It grants you flight.
   ^Fragile:  It will be destroyed if unequipped.
   It has a curse which improves the following skills: Cunning: Dodging and
   Stealth.
   Introspection: Fighting and Spellcasting.
 g - the +3 spear "Hill Orc's Curse" {antimagic, ^Drain rElec Str+4 Stlth+}
   (You found it on level 2 of the Orcish Mines)

   Str+4:     It affects your strength (+4).
   rElec:     It insulates you from electricity.
   ^Drain:    It drains your maximum health when unequipped.
   Stlth+:    It makes you more stealthy.
 A - a +4 heavy war axe
 W - a +0 broad axe
Armour
 e - a +0 helmet of intelligence
 f - the cursed +2 hood of the Assassin (worn) {Detect Stab+ Stlth++, Comp, Fort}
   (You found it on level 13 of the Dungeon)

   Detect:    It allows the wearer to sense nearby creatures.
   Stab+:     It allows the wearer to make particularly effective stabbing
   attacks against helpless or unaware enemies with any weapon.
   Stlth++:   It makes you much more stealthy.
   It has a curse which improves the following skills: Companions: Summonings
   and Necromancy.
   Fortitude: Armour and Shields.
 i - the cursed +1 pair of boots "Enlightened Fetters" (worn) {-Tele Regen+ Dex+4, Melee, Dev}
   (You found it on level 4 of the Dungeon)

   Dex+4:     It affects your dexterity (+4).
   -Tele:     It prevents most forms of teleportation.
   Regen+:    It increases your rate of health regeneration.
   It has a curse which improves the following skills: Melee Combat: Short
   Blades, Long Blades, Axes, Maces & Flails, Polearms, Staves and Unarmed
   Combat.
   Devices:   Evocations and Shapeshifting.
 o - a scarf of repulsion
 p - the cursed +2 pair of gloves "Astral Pragmatism" (worn) {Melee, Comp}
   (You found it on level 2 of the Lair of Beasts)

   It has a curse which improves the following skills: Melee Combat: Short
   Blades, Long Blades, Axes, Maces & Flails, Polearms, Staves and Unarmed
   Combat.
   Companions: Summonings and Necromancy.
 q - a +1 pair of gloves of dexterity
 y - a +0 pair of boots
 D - the +2 helmet "Yhezaz" {rC+ Will+++ Str+3 Dex-5}
   (You found it on level 3 of the Spider Nest)

   Str+3:     It affects your strength (+3).
   Dex-5:     It affects your dexterity (-5).
   rC+:       It protects you from cold.
   Will+++:   It greatly increases your willpower.
 F - a +2 tower shield of cold resistance
 H - the cursed +2 cloak of Ashenzari's Mistrust (worn) {Fort, Range}
   (You found it on level 5 of the Dungeon)

   It has a curse which improves the following skills: Fortitude: Armour and
   Shields.
   Ranged Combat: Ranged Weapons and Throwing.
 J - the +3 ring mail of Jyemp {Str+4 Dex+2}
   (You found it on level 6 of the Dungeon)

   Str+4:     It affects your strength (+4).
   Dex+2:     It affects your dexterity (+2).
 O - the cursed +10 plate armour "Profound Omen" (worn) {ponderous, Dev, Fort}
   (You took it off an orc warrior on level 8 of the Dungeon)

   It has a curse which improves the following skills: Devices: Evocations and
   Shapeshifting.
   Fortitude: Armour and Shields.
 Q - a +0 pair of gloves
 U - the cursed +3 warlock's mirror (worn) {omnireflect, Fort, Sorc}
   (You acquired it on level 9 of the Dungeon)

   Omnireflect: It can block and reflect piercing ranged attacks and magical
   attacks against the wielder's willpower.
   It has a curse which improves the following skills: Fortitude: Armour and
   Shields.
   Sorcery:   Conjurations and Alchemy.
Jewellery
 k - the ring "Hoacky" {rC+ Will+}
   (You found it on level 1 of the Spider Nest)

   [ring of willpower]

   rC+:       It protects you from cold.
   Will+:     It increases your willpower.
 L - the cursed ring of the Pangnostic Ennui (right hand) {EV+5, Fort, Self}
   (You found it on level 6 of the Dungeon)

   [ring of evasion]

   EV+5:      It affects your evasion (+5).
   It has a curse which improves the following skills: Fortitude: Armour and
   Shields.
   Introspection: Fighting and Spellcasting.
 R - the cursed ring "Clairvoyant Trepidation" (left hand) {Will+ Str+6 Int+4 Dex+4, Cun, Fort}
   (You found it in a Gauntlet)

   [ring of strength]

   Str+6:     It affects your strength (+6).
   Int+4:     It affects your intelligence (+4).
   Dex+4:     It affects your dexterity (+4).
   Will+:     It increases your willpower.
   It has a curse which improves the following skills: Cunning: Dodging and
   Stealth.
   Fortitude: Armour and Shields.
 Z - the amulet "Judiug" (around neck) {Reflect Rampage rN+ SH+5}
   (You took it off a minotaur in a Gauntlet)

   [amulet of reflection]

   Reflect:   It reflects blocked missile attacks.
   rN+:       It protects you from negative energy.
   SH+5:      It affects your SH (+5).
   Rampage:   It bestows one free step when moving towards enemies.
Wands
 c - a wand of charming (11)
 h - a wand of mindburst (3)
 I - a wand of iceblast (8)
 M - a wand of polymorph (18)
 P - a wand of acid (19)
Scrolls
 j - 3 scrolls of fog
 v - a scroll of amnesia
 w - a scroll of fear
 x - 4 scrolls of immolation
 C - 4 scrolls of blinking
 E - a scroll of butterflies
 S - 3 scrolls of poison
 V - 11 scrolls of teleportation
Potions
 d - 3 potions of resistance
 l - 6 potions of ambrosia
 m - a potion of lignification
 r - 5 potions of enlightenment
 t - 9 potions of invisibility
 u - a potion of berserk rage
 z - 2 potions of might
 B - 10 potions of curing
 N - 2 potions of cancellation
 T - 2 potions of brilliance
 X - 2 potions of haste
Miscellaneous
 b - a lightning rod (4/4) (quivered)
 s - a phial of floods
 K - a condenser vane


   Skills:
 - Level 18.2(21.1) Fighting
 - Level 17.6(20.5) Axes
 - Level 14.0(20.7) Armour
 - Level 9.6(12.7) Dodging
 + Level 21.3(27) Shields
 - Level 6.1(9.2) Evocations


You had 17 spell levels left.
You didn't know any spells.
Your spell library contained the following spells:

 Spells                   Type           Power      Damage    Failure   Level
 Necrotise                Necr           4%         1d4       67%         1
 Summon Small Mammal      Summ           4%         N/A       67%         1
 Sting                    Conj/Alch      0%         1d3       69%         1
 Apportation              Tloc           0%         N/A       73%         1
 Freeze                   Ice            0%         1d3       73%         1
 Slow                     Hex            0%         N/A       73%         1
 Mercury Vapours          Alch/Air       0%         N/A       85%         2
 Lesser Beckoning         Tloc           0%         N/A       86%         2
 Call Canine Familiar     Summ           1%         N/A       95%         3
 Fugue of the Fallen      Necr           1%         N/A       95%         3
 Vampiric Draining        Necr           1%         2d6       95%         3
 Confusing Touch          Hex            0%         N/A       97%         3
 Dazzling Flash           Conj/Hex       0%         N/A       97%         3
 Frozen Ramparts          Ice            0%         1d1       97%         3
 Gell's Gravitas          Tloc           0%         N/A       97%         3
 Hailstorm                Conj/Ice       0%         3d5       97%         3
 Inner Flame              Hex/Fire       0%         N/A       97%         3
 Ozocubu's Armour         Ice            0%         N/A       97%         3
 Sigil of Binding         Hex            0%         N/A       97%         3
 Summon Guardian Golem    Hex/Summ       0%         N/A       97%         3
 Teleport Other           Tloc           0%         N/A       97%         3
 Tukima's Dance           Hex            0%         N/A       97%         3
 Volatile Blastmotes      Fire/Tloc      0%         2d10      97%         3
 Animate Armour           Summ/Erth      0%         N/A       100%        4
 Dimensional Bullseye     Hex/Tloc       0%         N/A       100%        4
 Flame Wave               Conj/Fire      0%         2d4       100%        4
 Manifold Assault         Tloc           0%         N/A       100%        4
 Olgreb's Toxic Radiance  Alch           0%         N/A       100%        4
 Passage of Golubria      Tloc           0%         N/A       100%        4
 Sticky Flame             Fire/Alch      0%         2d4       100%        4
 Summon Lightning Spire   Summ/Air       0%         N/A       100%        4
 Lee's Rapid Deconstruct  Erth           0%         3d4*      100%        5
 Yara's Violent Unravell  Hex/Alch       0%         3d3       100%        5
 Starburst                Conj/Fire      0%         6d3       100%        6
 Orb of Destruction       Conj           0%         9d5       100%        7
 Spellforged Servitor     Conj/Summ      0%         N/A       100%        7
 Maxwell's Capacitive Co  Air            0%         ∞         100%        8


Dungeon Overview and Level Annotations

Branches:
Dungeon (13/15)            Temple (1/1) D:5            Lair (5/5) D:10
  Swamp (0/4) Lair:2       Spider (4/4) Lair:3        Slime (2/5) Lair:5
    Orc (2/2) D:12            Elf (0/3) Orc:2        Vaults (0/5) D:13
  IceCv (visited)         Gauntlet (visited)

Altars:
Ashenzari
Cheibriados
Dithmenos
Elyvilon
Fedhas
Gozag
Hepliaklqana
Kikubaaqudgha
Makhleb
Nemelex Xobeh
Okawaru
Qazlal
Ru
Sif Muna
Trog
Uskayaw
Vehumet
Wu Jian
Xom
Yredelemnul
Zin
The Shining One
Beogh
Ignis
Jiyva

Shops:
D:7 ?   D:8 *   D:9 ?   D:10 *   Orc:2 !((:


Innate Abilities, Weirdness & Mutations

You have a beak for a mouth.
You are partially covered in iridescent scales. (AC +2)
You are strong-willed. (Will+)


Message History

You kill the slime creature!
You block the acid blob's attack.
You completely miss the acid blob.
You peck the acid blob, but do no damage.
The acid blob is severely wounded.
The acid blob spits acid at you.
The splash of acid hits you but does no damage.
The acid corrodes you!
You hit the acid blob but do no damage. The acid corrodes you!
Your hands burn!
The acid blob is severely wounded.
The acid blob spits acid at you. The splash of acid hits you!!
* * * LOW HITPOINT WARNING * * *
You feel much better. The acid blob spits acid at you.
The splash of acid misses you.
You hit the acid blob but do no damage.
Your hands burn!
* * * LOW HITPOINT WARNING * * *
You peck the acid blob.
The acid blob is severely wounded.
The acid blob hits you!
* * * LOW HITPOINT WARNING * * *
You are splashed with acid!
* * * LOW HITPOINT WARNING * * *
You feel better. You block the acid blob's attack.
You feel better. You block the acid blob's attack.
You barely miss the acid blob.
The acid blob is severely wounded.
The acid blob spits acid at you. The splash of acid hits you!!
* * * LOW HITPOINT WARNING * * *
The acid corrodes you!
You feel better. The acid blob spits acid at you. The splash of acid hits you!
* * * LOW HITPOINT WARNING * * *
You feel better. The acid blob spits acid at you. The splash of acid hits you!!
You die...

,,,,,,,,*,,,,,*,*,
,,>,,*,*,##.........,
,....,**##..........,
,....#*##..........#*
,.....##............,
,......#............,
,...................,
,...............#...,
,..........@J.<.....,
,............>......,
,..##...............,
,,*##..#......##....,
,*#.......<....#,...,
,#.............#,,..,
*...............#,,.,
*#.........#.....#,,,
*......#...##...#.,,,


You could see an acid blob.

Vanquished Creatures
  Mara (Spider:3)
  3 acid blobs
  The ghost of jejorda2 the Cleaver, an adept GnBe of Trog (Spider:1)
  Kirke (D:13)
  A rockslime (Slime:1)
  An azure jelly (Slime:2)
  Aizul (Spider:4)
  7 emperor scorpions
  8 ghost moths
  2 orc warlords
  A quicksilver ooze (Slime:2)
  6 broodmothers
  Nessos (D:12)
  A minotaur (Gauntlet)
  A spark wasp (Spider:3)
  The ghost of gelatine the Cleaver, a journeyman DsFi (Spider:1)
  4 entropy weavers
  A great orb of eyes (Slime:2)
  A vault guard (D:13)
  Erolcha (Orc:2)
  A hydra (Lair:5)
  3 catoblepae (Lair:5)
  An ogre mage (Orc:2)
  6 boulder beetles
  3 jorogumos
  4 centaur warriors
  6 two-headed ogres
  3 radroaches
  A dancing weapon (D:13)
  21 death yaks
  10 demonic crawlers
  A death scarab (Spider:4)
  An occultist (Gauntlet)
  An orc high priest (Orc:2)
  Urug (D:13)
  4 skeletal warriors (D:12)
  5 pharaoh ants
  3 skysharks
  A sun moth (Spider:2)
  11 orb spiders
  2 bog bodies (IceCv)
  2 deep elf zephyrmancers (Orc:2)
  An arcanist (Gauntlet)
  7 steelbarb worms
  2 orc knights
  A deep elf archer (Orc:2)
  An oklob plant (Lair:2)
  9 orc sorcerers (Orc:2)
  4 cyclopes
  2 manticores (Lair:5)
  32 wolf spiders
  7 moths of wrath
  15 elephants
  An apocalypse crab (Gauntlet)
  3 black mambas
  3 torpor snails
  An ice statue (IceCv)
  12 cane toads
  3 gargoyles
  Maggie (D:6)
  A kobold demonologist (D:13)
  9 komodo dragons
  A rime drake (Lair:4)
  3 unseen horrors
  An ice devil (IceCv)
  An anaconda simulacrum (IceCv)
  3 polar bears
  A queen bee (Gauntlet)
  4 trolls
  Grinder (D:4)
  9 meliai
  Prince Ribbit (D:6)
  11 blink frogs
  38 tarantellas
  A raiju (Gauntlet)
  12 flying skulls (Gauntlet)
  24 jumping spiders
  24 slime creatures
  Sigmund (D:6)
  26 culicivoras
  4 hogs (D:13)
  2 dire elephant simulacra (IceCv)
  Eustachio (D:5)
  4 wraiths
  8 wyverns
  74 yaks
  4 basilisks
  5 wargs
  Grum (D:8)
  7 vampire mosquitoes (D:12)
  59 redbacks
  2 steam dragons
  A harpy simulacrum (IceCv)
  4 death yak simulacra (IceCv)
  An acid dragon (D:9)
  12 water moccasins
  Duvessa (D:4)
  26 orc warriors
  3 ice beasts
  3 sky beasts
  2 black bears
  9 wolves
  10 centaurs
  10 ogres
  3 phantoms
  4 kobold brigands
  5 cane toad simulacra (IceCv)
  5 scorpions
  14 bullfrogs
  5 two-headed ogre simulacra
  Dowan (D:4)
  3 wights (D:8)
  9 killer bees
  2 elephant simulacra (IceCv)
  5 spriggan skeletons (D:13)
  A troll skeleton (D:13)
  An electric eel (D:10)
  4 howler monkeys
  A jelly (D:7)
  16 orc priests
  4 sleepcaps
  An iguana (D:10)
  31 orc wizards
  7 troll simulacra
  2 polar bear simulacra
  8 spriggan simulacra
  4 wolf simulacra (IceCv)
  A hound zombie (D:3)
  13 gnolls
  7 adders
  2 naga simulacra (D:13)
  17 white imps
  A bombardier beetle (D:5)
  6 ufetubi
  2 adder zombies (D:3)
  A worm (D:3)
  A dart slug (D:1)
  71 orcs
  7 ball pythons
  A bat (D:1)
  10 endoplasms
  2 giant cockroaches
  7 goblins
  7 hobgoblins
  5 quokkas
  2 frilled lizards (D:1)
  19 kobolds
  3 rats
986 creatures vanquished.

Vanquished Creatures (collateral kills)
  A wraith (D:12)
  An orc priest (D:12)
2 creatures vanquished.

Vanquished Creatures (others)
  An orc (Orc:2)
1 creature vanquished.

Grand Total: 989 creatures vanquished

Notes
Turn   | Place    | Note
-------+----------+-------------------------------------------
     0 | D:1      | Moreman the Hill Orc Fighter began the quest for the Orb.
     0 | D:1      | Reached XP level 1. HP: 19/19 MP: 1/1
   303 | D:1      | Reached XP level 2. HP: 27/27 MP: 2/2
   883 | D:1      | Reached XP level 3. HP: 34/34 MP: 3/3
  1812 | D:3      | Reached XP level 4. HP: 32/41 MP: 4/4
  1822 | D:3      | Reached skill level 5 in Fighting
  1964 | D:3      | Found a basalt altar of Yredelemnul.
  2135 | D:3      | Found a sparkling altar of Nemelex Xobeh.
  2337 | D:3      | Reached skill level 5 in Axes
  2609 | D:3      | Reached XP level 5. HP: 47/48 MP: 5/5
  2802 | D:3      | Found an iron altar of Okawaru.
  3069 | D:4      | Noticed a sky beast
  3070 | D:4      | Found a stormy altar of Qazlal.
  3093 | D:4      | Killed a sky beast
  3094 | D:4      | Reached XP level 6. HP: 34/57 MP: 6/6
  3276 | D:4      | Noticed Grinder
  3276 | D:4      | Paralysed by Grinder for 4 turns
  3297 | D:4      | Paralysed by Grinder for 5 turns
  3305 | D:4      | Paralysed by Grinder for 2 turns
  3324 | D:4      | Paralysed by Grinder for 3 turns
  3334 | D:4      | Paralysed by Grinder for 5 turns
  3339 | D:4      | Killed Grinder
  3340 | D:4      | Reached XP level 7. HP: 8/66 MP: 7/7
  3574 | D:4      | Identified the +1 pair of boots of the Elephant {-Tele
                  | Regen+ Dex+4}
  3649 | D:4      | Noticed Dowan
  3652 | D:4      | Noticed Duvessa
  3676 | D:4      | Killed Duvessa
  3681 | D:4      | Killed Dowan
  4004 | D:5      | Entered Level 5 of the Dungeon
  4043 | D:5      | Reached XP level 8. HP: 74/74 MP: 8/8
  4052 | D:5      | Found a snail-covered altar of Cheibriados.
  4061 | D:5      | Identified the +0 leather armour of Virtue {Harm Dex+2}
  4326 | D:5      | Found a staircase to the Ecumenical Temple.
  4356 | D:5      | Noticed Eustachio
  4375 | D:5      | Killed Eustachio
  4386 | Temple   | Entered the Ecumenical Temple
  4447 | Temple   | Became a worshipper of Ashenzari the Shackled
  4670 | D:5      | Identified the +1 ring mail of Weightlessness {Rampage
                  | SInv}
  5071 | D:6      | Noticed Prince Ribbit
  5103 | D:6      | Killed Prince Ribbit
  5104 | D:6      | Reached skill level 10 in Axes
  5190 | D:6      | Reached skill level 10 in Fighting
  5212 | D:6      | Identified the +3 ring mail of Jyemp {Str+4 Dex+2}
  5405 | D:6      | Reached XP level 9. HP: 85/85 MP: 9/9
  5499 | D:6      | Noticed Sigmund
  5504 | D:6      | Noticed Maggie
  5507 | D:6      | Killed Sigmund
  5518 | D:6      | Killed Maggie
  6085 | D:7      | Found Tihekhesch's Magic Scroll Emporium.
  6201 | D:7      | Found a hide-covered altar of Uskayaw.
  6324 | D:7      | Reached * piety under Ashenzari
  6552 | D:7      | Reached XP level 10. HP: 97/97 MP: 10/10
  6742 | D:7      | Found a bloodstained altar of Trog.
  6742 | D:7      | Found a hazy altar of Hepliaklqana.
  6816 | D:8      | Noticed Grum
  6840 | D:8      | Killed Grum
  7074 | D:8      | Reached ** piety under Ashenzari
  7139 | D:8      | Found Ipogg's Fire Supplies.
  7369 | D:8      | Found a glowing golden altar of the Shining One.
  7592 | D:9      | Found Kyrud's Magic Scroll Shoppe.
  7922 | D:9      | Reached XP level 11. HP: 106/112 MP: 11/11
  7958 | D:9      | Reached skill level 4 in Shields
  8010 | D:9      | Noticed a two-headed ogre
  8014 | D:9      | Killed a two-headed ogre
  8029 | D:9      | You fall into a shaft and drop 1 floor!
  8029 | D:10     | Entered Level 10 of the Dungeon
  8034 | D:10     | Found Zin's Purification Station.
  8034 | D:10     | Found a glowing silver altar of Zin.
  8150 | D:10     | Reached skill level 5 in Armour
  8150 | D:10     | Reached skill level 5 in Shields
  8153 | D:10     | Noticed a two-headed ogre
  8159 | D:10     | Killed a two-headed ogre
  8186 | D:10     | Identified a scroll of acquirement
  8243 | D:10     | Reached skill level 6 in Shields
  8247 | D:10     | Acquired 597 gold pieces
  8258 | D:10     | Noticed a two-headed ogre
  8266 | D:10     | Killed a two-headed ogre
  8313 | D:10     | Found a staircase to the Lair.
  8457 | D:9      | Bought a scroll of acquirement for 624 gold pieces
  8457 | D:9      | Acquired the +3 warlock's mirror {omnireflect}
  8457 | D:9      | Found the +3 warlock's mirror {omnireflect}
  8532 | D:9      | Bought a scroll of blinking for 90 gold pieces
  8543 | D:10     | Noticed a two-headed ogre
  8550 | D:10     | Killed a two-headed ogre
  8551 | D:10     | Reached skill level 7 in Shields
  8569 | D:10     | Reached *** piety under Ashenzari
  8762 | D:10     | Reached skill level 8 in Shields
  9004 | D:11     | Reached XP level 12. HP: 117/121 MP: 12/12
  9321 | D:11     | Reached skill level 9 in Shields
  9357 | D:11     | Found a gate leading to a gauntlet.
  9366 | Gauntlet | Entered a Gauntlet
  9366 | Gauntlet | Found a transporter.
  9378 | Gauntlet | Found a transporter.
  9381 | Gauntlet | Found a transporter.
  9382 | Gauntlet | Found a transporter.
  9393 | Gauntlet | Found a transporter.
  9394 | Gauntlet | Found a transporter.
  9395 | Gauntlet | Found a transporter.
  9396 | Gauntlet | Noticed an occultist
  9402 | Gauntlet | Found a transporter.
  9402 | Gauntlet | Identified the ring of Gidenk {Will+ Str+6 Int+4 Dex+4}
  9405 | Gauntlet | Found a transporter.
  9406 | Gauntlet | Found a transporter.
  9414 | Gauntlet | Found a transporter.
  9417 | Gauntlet | Found a transporter.
  9418 | Gauntlet | Found a transporter.
  9426 | Gauntlet | Found a transporter.
  9564 | Gauntlet | Acquired 819 gold pieces
  9581 | Gauntlet | Killed an occultist
  9624 | Gauntlet | Reached skill level 10 in Armour
  9624 | Gauntlet | Reached skill level 10 in Shields
  9752 | Gauntlet | Identified the staff "Deyvoc Gadu" {rElec Stlth+ Conj
                  | Earth}
  9752 | Gauntlet | Identified the amulet "Judiug" {Reflect Rampage rN+ SH+5}
  9752 | Gauntlet | Noticed a minotaur
  9760 | Gauntlet | Killed a minotaur
  9942 | D:11     | Noticed a two-headed ogre
  9954 | D:11     | Killed a two-headed ogre
  9955 | D:11     | Reached skill level 15 in Axes
 10096 | D:12     | Noticed a boulder beetle
 10098 | D:12     | Noticed a centaur warrior
 10106 | D:12     | Killed a centaur warrior
 10111 | D:12     | Reached skill level 11 in Shields
 10112 | D:12     | Killed a boulder beetle
 10163 | D:12     | Noticed a boulder beetle
 10174 | D:12     | Killed a boulder beetle
 10175 | D:12     | Reached XP level 13. HP: 121/127 MP: 13/13
 10312 | D:12     | Noticed Nessos
 10343 | D:12     | Killed Nessos
 10344 | D:12     | Reached skill level 12 in Shields
 10349 | D:12     | Reached skill level 1 in Evocations
 10499 | D:12     | Found a staircase to the Orcish Mines.
 10807 | D:13     | Found a frozen archway.
 10825 | IceCv    | Entered an ice cave
 11050 | IceCv    | Reached **** piety under Ashenzari
 11119 | IceCv    | Reached skill level 15 in Fighting
 11573 | D:13     | Found the +2 hood of the Assassin {Detect Stab+ Stlth++}
 11850 | D:13     | Reached skill level 5 in Evocations
 11866 | D:13     | Noticed a vault guard
 11877 | D:13     | Killed a vault guard
 11927 | D:13     | Found a gate to the Vaults.
 12271 | D:13     | Noticed Urug
 12274 | D:13     | Noticed Kirke
 12295 | D:13     | Killed Kirke
 12296 | D:13     | Reached XP level 14. HP: 96/141 MP: 14/14
 12300 | D:13     | Killed Urug
 12328 | D:13     | Found a shimmering altar of Xom.
 12744 | Orc:1    | Entered Level 1 of the Orcish Mines
 12834 | Orc:1    | Noticed an orc warlord
 12847 | Orc:1    | Killed an orc warlord
 13116 | Orc:2    | Entered Level 2 of the Orcish Mines
 13217 | Orc:2    | Found a staircase to the Elven Halls.
 13320 | Orc:2    | Identified the +3 spear "Hill Orc's Curse" {antimagic,
                  | ^Drain rElec Str+4 Stlth+}
 13325 | Orc:2    | Noticed an orc warlord
 13336 | Orc:2    | Killed an orc warlord
 13605 | Orc:2    | Found Idwomel's Book Shoppe.
 13631 | Orc:2    | Found an ancient bone altar of Kikubaaqudgha.
 13642 | Orc:2    | Noticed Erolcha
 13658 | Orc:2    | Killed Erolcha
 13665 | Orc:2    | Found Asus's Antique Weapon Emporium.
 13705 | Orc:2    | Bought the +4 consecrated labrys {holy, Valiant ^Fragile
                  | Fly SInv} for 767 gold pieces
 13705 | Orc:2    | Found the +4 consecrated labrys {holy, Valiant ^Fragile Fly
                  | SInv}
 13740 | Orc:2    | Found a roughly hewn altar of Beogh.
 13740 | Orc:2    | Found Lucamuppuh's Antique Weapon Emporium.
 13757 | Orc:2    | Found Hoffus's Distillery.
 13784 | Orc:2    | Bought a potion of berserk rage for 70 gold pieces
 13784 | Orc:2    | Bought a potion of might for 56 gold pieces
 13784 | Orc:2    | Bought 2 potions of curing for 84 gold pieces
 13784 | Orc:2    | Bought a potion of curing for 42 gold pieces
 13784 | Orc:2    | Bought a potion of curing for 42 gold pieces
 13784 | Orc:2    | Bought a potion of invisibility for 112 gold pieces
 13784 | Orc:2    | Bought 2 potions of resistance for 280 gold pieces
 13928 | Orc:2    | Found a radiant altar of Vehumet.
 14225 | Orc:1    | Found an iron altar of Okawaru.
 14687 | Lair:1   | Entered Level 1 of the Lair of Beasts
 14832 | Lair:1   | Reached ***** piety under Ashenzari
 15477 | Lair:2   | Reached XP level 15. HP: 157/157 MP: 15/15
 15578 | Lair:2   | Reached skill level 1 in Dodging
 15583 | Lair:2   | Found a staircase to the Swamp.
 15813 | Lair:3   | Found a hole to the Spider Nest.
 16787 | Lair:4   | Reached skill level 5 in Dodging
 17553 | Lair:5   | Entered Level 5 of the Lair of Beasts
 17886 | Lair:5   | Found a bloodstained altar of Trog.
 18061 | Lair:5   | Reached XP level 16. HP: 165/165 MP: 16/16
 18158 | Lair:5   | Identified the +0 flail of Pimm {heavy, Fly rC+}
 18185 | Lair:5   | Got an earthy gem with 104 turns to spare
 18282 | Lair:5   | Lost the earthy gem through the power of Zot.
 18431 | Lair:5   | Found a viscous altar of Jiyva.
 18431 | Lair:5   | Found a staircase to the Slime Pits.
 18693 | Spider:1 | Entered Level 1 of the Spider Nest
 18903 | Spider:1 | Found a runed translucent gate.
 18903 | Spider:1 | Found a runed translucent gate.
 18904 | Spider:1 | Found a runed translucent gate.
 18905 | Spider:1 | Noticed jejorda2's ghost (adept GnBe)
 18905 | Spider:1 | Noticed gelatine's ghost (journeyman DsFi)
 18910 | Spider:1 | Killed gelatine's ghost
 18917 | Spider:1 | Killed jejorda2's ghost
 19131 | Spider:1 | Reached skill level 13 in Shields
 19257 | Spider:1 | Gained mutation: You are weak. (Str -2) [potion of
                  | mutation]
 19257 | Spider:1 | Gained mutation: You are very weak. (Str -4) [potion of
                  | mutation]
 19258 | Spider:1 | Lost mutation: You are very weak. (Str -4) [potion of
                  | mutation]
 19258 | Spider:1 | Lost mutation: You are weak. (Str -2) [potion of mutation]
 19258 | Spider:1 | Gained mutation: You do not regenerate when monsters are
                  | visible. [potion of mutation]
 19259 | Spider:1 | Lost mutation: You do not regenerate when monsters are
                  | visible. [potion of mutation]
 19259 | Spider:1 | Gained mutation: You are strong-willed. (Will+) [potion of
                  | mutation]
 19259 | Spider:1 | Gained mutation: You have a beak for a mouth. [potion of
                  | mutation]
 19259 | Spider:1 | Gained mutation: You are partially covered in iridescent
                  | scales. (AC +2) [potion of mutation]
 19364 | Spider:1 | Identified the ring "Hoacky" {rC+ Will+}
 19659 | Spider:2 | Reached skill level 14 in Shields
 20123 | Spider:2 | Reached skill level 15 in Shields
 20358 | Spider:3 | Reached XP level 17. HP: 93/173 MP: 17/17
 20588 | Spider:3 | Reached skill level 16 in Shields
 20902 | Spider:3 | Identified the +2 helmet "Yhezaz" {rC+ Will+++ Str+3 Dex-5}
 20921 | Spider:3 | Reached skill level 17 in Shields
 21198 | Spider:3 | Reached skill level 18 in Shields
 21377 | Spider:3 | Noticed Mara
 21380 | Spider:3 | Noticed Moreman's illusion
 21403 | Spider:3 | Killed Mara
 21460 | Spider:4 | Entered Level 4 of the Spider Nest
 21646 | Spider:4 | Reached skill level 19 in Shields
 21696 | Spider:4 | Identified the serpent talisman "Hulocupof" {Will+}
 21696 | Spider:4 | Noticed Aizul
 21709 | Spider:4 | Killed Aizul
 21998 | Spider:4 | Reached XP level 18. HP: 182/182 MP: 7/18
 22119 | Spider:4 | Reached skill level 20 in Shields
 22199 | Spider:4 | Got a gossamer rune of Zot
 22953 | Slime:1  | Entered Level 1 of the Pits of Slime
 23055 | Slime:1  | Reached skill level 21 in Shields
 23212 | Slime:2  | HP: 6/182 [acid blob/splash of acid (28)]
 23214 | Slime:2  | Killed from afar by an acid blob

Illustrated notes

Levels and vault maps discovered:
D:1:      shiori_arrival_maze, layout_basic, minmay_tetromino_t2
D:2:      layout_loops_cross, dreamdust_wishing_well
D:3:      layout_loops_ring, nicolae_yredelemnul_corpse_copse,
          mainiacjoe_overflow_alcove_4, mainiacjoe_overflow_24_doors
D:4:      layout_gridville, nicolae_qazlal_beasts_of_the_sky,
          serial_bayou_crossing, uniq_grinder, uniq_duvessa
D:5:      mumra_celtic_spiral_tile, layout_loops_ring, old_standard_altar,
          temple_pool_b, minivault_23, uniq_eustachio
D:6:      layout_basic, minmay_tree_intersection, dk_noncrumbling_3,
          uniq_sigmund, uniq_prince_ribbit1, uniq_maggie
D:7:      hellmonk_destroyed_diamonds, layout_rooms, old_standard_altar,
          gammafunk_temple_overflow_statue, serial_shops, shop
D:8:      layout_loops_corners, mainiacjoe_overflow_catwalk,
          nicolae_shop_fire_sale [nicolae_sub_dead_trees], uniq_grum
D:9:      layout_loops_cross, serial_shops, nicolae_shop_gibbet_a_chance,
          corexii_leaking_fountain, eino_curves_03
D:10:     argonaut_augean_stables, layout_rooms, zin_purify,
          minmay_lair_entry_grove
D:11:     layout_roguey, gauntlet_entry_generic, minmay_misc_feat_cross
D:12:     layout_big_octagon, erik_orc_3, uniq_nessos
D:13:     layout_layer_cave, erik_vaults_1, portal_ice_cave_entry_ice_simulacra,
          regret_index_xom_buried_treasure, hangedman_tell_no_tales, uniq_urug,
          uniq_kirke
Temple:   pdpol_scorched_temple
Lair:1:   layout_cave_shapes, grunt_megastairs_3, lemuel_fruit_tree
Lair:2:   layout_chaotic_city, swamp_mist, beast_lair_carwin_5,
          infiniplex_staircase_pool_2, lemuel_fruit_fields
Lair:3:   layout_layer_cave, nicolae_spider_entry_tight_spaces,
          grunt_megastairs_2
Lair:4:   layout_loops_ring
Lair:5:   evilmike_catoblepas_cave, layout_hall_layers,
          dpeg_slime_entry_enclosed, basic_altar
Spider:1: layout_spider_delve, gammafunk_ghost_cemetery,
          hangedman_spider_tarantella_strand
Spider:2: layout_cave_pods
Spider:3: nicolae_spider_brood_tunnel, spiders_nest_the_unseen,
          nicolae_spider_cling_halls, uniq_mara
Spider:4: grunt_spider_rune_circles, uniq_aizul
Slime:1:  layout_caves, cheibrodos_slime_lost_civilization_4
Slime:2:  layout_caves
Orc:1:    layout_caves, okawaru_metal_pillars_1_2
Orc:2:    kennysheep_orc_mage_school, layout_diamond_mine, elf_legates

Skill      XL: |  1  2  3  4  5  6  7  8  9 10 11 12 13 14 15 16 17 18 |
---------------+-------------------------------------------------------+-----
Axes           | 3 4 5 7 8 10 12 14 15 16 17 | 17.6
Fighting       | 4 5 6 7 8 10 12 14 16 18 | 18.2
Armour         | 8 11 12 14 | 14.0
Shields        | 8 11 12 15 19 21 | 21.3
Evocations     | 6 |  6.1
Dodging        | 9 |  9.6

Action                     |  1- 3 |  4- 6 |  7- 9 | 10-12 | 13-15 | 16-18 || total
---------------------------+-------+-------+-------+-------+-------+-------++-------
  Melee: War axe           |   101 |    99 |   300 |   311 |   358 |       ||  1169
         Labrys            |       |       |       |       |   402 |   872 ||  1274
         Peck              |       |       |       |       |       |   188 ||   188
 Invoke: Curse Item        |       |       |     2 |     4 |     5 |     2 ||    13
         Shatter the Chain |       |       |       |     1 |     3 |       ||     4
  Evoke: Lightning rod     |       |       |       |       |     4 |       ||     4
    Use: Potion            |       |     4 |       |     1 |     4 |    15 ||    24
         Scroll            |       |       |     1 |     6 |     3 |     3 ||    13
   Stab: Petrified         |       |       |       |       |     2 |     7 ||     9
 Armour: Scale mail        |    76 |       |       |       |       |       ||    76
         Plate armour      |    11 |   101 |   153 |   186 |   388 |   459 ||  1298
         Ring mail         |       |       |    60 |    21 |       |       ||    81
  Dodge: Dodged            |    54 |    34 |   129 |   156 |   323 |   534 ||  1230
  Block: Buckler           |    20 |    15 |   148 |   233 |   663 |   737 ||  1816
         Reflection        |       |       |    10 |    29 |    49 |     8 ||    96

Table legend: (Time is in decaauts)
 A = Elapsed time spent in this place.
 B = Non-inter-level travel time spent in this place.
 C = Inter-level travel time spent in this place.
 D = Time resting spent in this place.
 E = Time spent auto-exploring this place.
 F = Levels seen in this place.
 G = Mean time per level.
                   A        B        C        D        E       F      G
               +--------+--------+--------+--------+--------+-----+--------+
         Total |  24279 |  23106 |   1173 |   1855 |      0 |  29 |  837.2 |
       Dungeon |  12191 |  11592 |    599 |    750 |      0 |  13 |  937.8 |
        Temple |     71 |     54 |     17 |      0 |      0 |   1 |   71.0 |
          Lair |   4294 |   4124 |    170 |    417 |      0 |   5 |  858.8 |
   Spider Nest |   4249 |   3877 |    372 |    364 |      0 |   4 | 1062.2 |
    Slime Pits |    247 |    247 |      0 |     27 |      0 |   2 |  123.5 |
  Orcish Mines |   1936 |   1922 |     14 |     96 |      0 |   2 |  968.0 |
      Ice Cave |    777 |    777 |      0 |    201 |      0 |   1 |  777.0 |
      Gauntlet |    511 |    511 |      0 |      0 |      0 |   1 |  511.0 |
               +--------+--------+--------+--------+--------+-----+--------+

Top non-repeatable levels by time:
    D:13: 1383 daAuts
Spider:3: 1284 daAuts
  Lair:3: 1271 daAuts
     D:3: 1264 daAuts
Spider:4: 1207 daAuts
   Orc:2: 1169 daAuts
  Lair:5: 1109 daAuts
     D:6: 1088 daAuts
     D:1: 1011 daAuts
     D:4: 986 daAuts
Spider:2: 969 daAuts
     D:5: 892 daAuts
  Lair:4: 876 daAuts
    D:10: 846 daAuts
    D:11: 832 daAuts
